 Dungeon Crawl Stone Soup version 0.21.1-1-g345015f (webtiles) character file.

1005 sking99 the Ruffian (level 8, 0/79 HPs)
             Began as a Troll Monk on June 24, 2018.
             Killed by divine providence
             ... invoked by an orc priest
              (16 damage)
             ... on level 5 of the Dungeon.
             The game lasted 00:10:27 (3979 turns).

sking99 the Ruffian (Troll Monk)                    Turns: 3979, Time: 00:10:28

Health: 0/79       AC:  5    Str: 20    XL:     8   Next: 0%
Magic:  7/7        EV: 12    Int:  4    God:
Gold:   70         SH:  0    Dex: 14    Spells: 7/7 levels left

rFire    + . .     SeeInvis .     - Unarmed
rCold    + . .     Gourm    +   (no shield)
rNeg     . . .     Faith    .   a - +0 robe
rPois    .         Spirit   .   (helmet restricted)
rElec    .         Reflect  .   n - scarf {rC+ rF+}
rCorr    .         Harm     .   (gloves unavailable)
MR       .....                  (boots unavailable)
Stlth    ++........             i - amulet of inaccuracy (curse)
HPRegen  0.63/turn              f - -2 ring of intelligence (curse)
MPRegen  0.10/turn              (no ring)

@: no status effects
A: large, unfitting armour, claws 3, fast metabolism 3, gourmand, regeneration
1, shaggy fur 1, tough skin 2
a: no special abilities


You were on level 5 of the Dungeon.
You were full.

You visited 1 branch of the dungeon, and saw 5 of its levels.

You collected 174 gold pieces.
You spent 104 gold pieces at shops.

Inventory:

Missiles
 p - 108 stones (quivered)
Armour
 a - a +0 robe (worn)
 n - a scarf of resistance (worn)
Jewellery
 d - an uncursed ring of poison resistance {unknown}
 f - a cursed -2 ring of intelligence (left claw)
 i - a cursed amulet of inaccuracy (around neck)
Wands
 r - a wand of random effects (35)
Scrolls
 c - a scroll of random uselessness
 e - 3 scrolls of identify
 h - 3 scrolls of teleportation
 o - a scroll of enchant armour {unknown}
 q - a scroll of fear
Potions
 g - a potion of agility
 j - a potion of cancellation {unknown}
 k - 2 potions of heal wounds
 l - 3 potions of haste
 m - a potion of curing
Comestibles
 b - 5 rations


   Skills:
 + Level 4.5 Fighting
 + Level 4.5 Dodging
 - Level 1.0 Stealth
 * Level 7.2 Unarmed Combat


You had 7 spell levels left.
You didn't know any spells.

Dungeon Overview and Level Annotations

Branches:
Dungeon (5/15)
 Temple: D:4-7

Altars:
Gozag
Trog
Vehumet
Wu Jian
Yredelemnul

Shops:
D:4 ![((

Annotations:
D:3 Grinder
D:5 Menkaure


Innate Abilities, Weirdness & Mutations

You are too large for most types of armour.
You have claws for hands.
Your metabolism is lightning-fast.
You like to eat raw meat.
Your natural rate of healing is unusually fast.
You are covered in fur. (AC +1)
You have very tough skin. (AC +2)


Message History

Menkaure mumbles some strange words.
Menkaure seems to speed up.
The yak gores you.
You claw the ogre!
You kill the ogre!
You have reached level 8!
The yak gores you.
You completely miss the orc priest.
You scratch the orc priest but do no damage.
The orc priest hits you with a hand axe.
* * * LOW HITPOINT WARNING * * *
The yak closely misses you.
An orc comes into view.
You closely miss the orc priest. The yak gores you.
* * * LOW HITPOINT WARNING * * *
You claw the orc priest!
The orc priest is severely wounded.
The yak gores you but does no damage.
The orc priest mumbles some strange prayers to Beogh against you.
Beogh smites you!
You die...

#.# #.## ##### #..#
############### ....# #..#
#........[....# ###.# #..#
#.............# ..#.#
#..###............)# ..#.#
#...##.............# ..#<#
#.#Y##.............#
..#.#########.#o@#.............#
..#.......(...##o#.............#
...........Y.o>.M..............#
..##############W..#############
......)# ##...# ..####.# #...##
..# ##...# ..# #...# ..# ##..##


You could see a yak, a phantom, Menkaure, an orc priest and an orc.

Vanquished Creatures
  Edmund (D:5)
  The ghost of w0lly the Shield-Bearer, an amateur MiFi (D:4)
  An ogre (D:5)
  A phantom (D:2)
  A scorpion (D:4)
  The ghost of iamserjio the Sneak, a weakling GnAs (D:3)
  A bullfrog skeleton (D:2)
  An orc priest (D:4)
  5 hounds
  Jessica (D:2)
  Terence (D:2)
  Natasha (twice) (D:3)
  2 orc wizards
  Robin (D:3)
  6 adders
  A shadow imp (D:5)
  An adder skeleton (D:4)
  A worm (D:4)
  3 dart slugs
  2 leopard geckos (D:2)
  10 orcs
  4 giant cockroaches
  16 goblins
  6 hobgoblins
  2 jackals (D:2)
  3 quokkas (D:2)
  5 bats
  6 frilled lizards
  8 kobolds
  A leopard gecko skeleton (D:4)
  6 rats
101 creatures vanquished.

Notes
Turn   | Place    | Note
-------+----------+-------------------------------------------
     0 | D:1      | sking99 the Troll Monk began the quest for the Orb.
     0 | D:1      | Reached XP level 1. HP: 22/22 MP: 0/0
   445 | D:1      | Reached XP level 2. HP: 29/29 MP: 1/1
   997 | D:2      | Reached XP level 3. HP: 29/36 MP: 2/2
  1009 | D:2      | Noticed Terence
  1015 | D:2      | Killed Terence
  1015 | D:2      | Reached skill level 4 in Unarmed Combat
  1015 | D:2      | Reached XP level 4. HP: 39/44 MP: 3/3
  1213 | D:2      | Found a bloodstained altar of Trog.
  1508 | D:2      | Noticed a phantom
  1521 | D:2      | Killed a phantom
  1521 | D:2      | Reached XP level 5. HP: 39/53 MP: 4/4
  1621 | D:2      | Noticed Jessica
  1625 | D:2      | Killed Jessica
  1625 | D:2      | Reached skill level 5 in Unarmed Combat
  1650 | D:2      | Found a basalt altar of Yredelemnul.
  1650 | D:2      | Found a radiant altar of Vehumet.
  1727 | D:3      | Noticed iamserjio's ghost (weakling GnAs)
  1778 | D:3      | Killed iamserjio's ghost
  1778 | D:3      | Reached XP level 6. HP: 53/61 MP: 5/5
  1931 | D:3      | Found an opulent altar of Gozag.
  2116 | D:3      | Noticed Robin
  2134 | D:3      | Killed Robin
  2257 | D:3      | Noticed Natasha
  2264 | D:3      | Killed Natasha
  2439 | D:3      | Noticed Natasha
  2444 | D:3      | Killed Natasha
  2519 | D:3      | Noticed Grinder
  2771 | D:4      | Noticed w0lly's ghost (amateur MiFi)
  2962 | D:4      | Killed w0lly's ghost
  2962 | D:4      | Reached skill level 6 in Unarmed Combat
  2962 | D:4      | Reached XP level 7. HP: 35/68 MP: 6/6
  3085 | D:4      | Found an ornate altar of the Wu Jian Council.
  3214 | D:4      | Found Qeotanol's Weapon Emporium.
  3214 | D:4      | Found Oshem's Distillery.
  3217 | D:4      | Found Pefarul's Armour Emporium.
  3221 | D:4      | Found Orest's Antique Weapon Emporium.
  3223 | D:4      | Bought a potion of heal wounds for 65 gold pieces
  3223 | D:4      | Bought a potion of curing for 39 gold pieces
  3630 | D:5      | Entered Level 5 of the Dungeon
  3779 | D:5      | Noticed Edmund
  3801 | D:5      | Killed Edmund
  3903 | D:5      | Reached skill level 7 in Unarmed Combat
  3964 | D:5      | Noticed a yak
  3972 | D:5      | Noticed Menkaure
  3975 | D:5      | Reached XP level 8. HP: 25/79 MP: 7/7
  3979 | D:5      | Killed from afar by an orc priest

Skill      XL: |  1  2  3  4  5  6  7 |
---------------+----------------------+-----
Dodging        | 3 4 |  4.5
Unarmed Combat | 4 5 6 7 |  7.2
Fighting       | 3 4 |  4.5
Stealth        | |  1.0

Action                   |  1- 3 |  4- 6 |  7- 9 || total
-------------------------+-------+-------+-------++-------
Melee: Unarmed           |    60 |   190 |    86 ||   336
       Punch             |     1 |     8 |     2 ||    11
  Use: Scroll            |       |     7 |       ||     7
 Stab: Sleeping          |     2 |     2 |       ||     4
  Eat: Chunk             |     8 |    18 |    10 ||    36
       Ration            |     1 |       |       ||     1
Armor: Robe              |    21 |    53 |    15 ||    89
Dodge: Dodged            |    25 |    86 |    49 ||   160
